 Dungeon Crawl Stone Soup version 0.32-a0-886-g41c5271027 (webtiles) character file.

Game seed: 11121517212449614462

1775 Biggs the Skirmisher (level 9, 61/61 HPs)
             Began as a Coglin Hunter on Apr 2, 2024.
             Quit the game on level 6 of the Dungeon.
             The game lasted 00:07:11 (5720 turns).

Biggs the Skirmisher (Coglin Hunter)                Turns: 5720, Time: 00:07:12

Health: 61/61      AC:  3    Str: 12    XL:     9   Next: 8%
Magic:  9/9        EV: 11    Int:  8    God:
Gold:   429        SH:  0    Dex: 22    Spells: 8/8 levels left

rFire   . . .        a - +2 sling {Guillermo}
rCold   . . .        d - +0 sling {Mira}
rNeg    . . .        c - +0 leather armour
rPois   .            (no helmet)
rElec   .            (no cloak)
rCorr   .            (no gloves)
SInv    .            (no boots)
Will    .....        (amulet unavailable)
Stlth   ++           (ring unavailable)
HPRegen 0.30/turn    (ring unavailable)
MPRegen 0.11/turn    (no gizmo)

%: no passive effects
@: no status effects
A: off-hand wielding, slow wielding, warmup strikes, no jewellery
a: Invent Gizmo


You were on level 6 of the Dungeon.
You visited 1 branch of the dungeon, and saw 6 of its levels.

You collected 429 gold pieces.

Inventory:

Hand Weapons
 a - a +2 sling (weapon) {Guillermo}
 d - a +0 sling (offhand) {Mira}
Armour
 c - a +0 leather armour (worn)
Scrolls
 b - 4 scrolls of fear
 h - a scroll of enchant weapon {unknown}
 i - 6 scrolls of teleportation
 k - 2 scrolls of noise
 l - a scroll of immolation
 o - 3 scrolls of vulnerability
 p - a scroll of amnesia {unknown}
 r - a scroll of silence {unknown}
 s - a scroll of enchant armour {unknown}
Potions
 e - 3 potions of cancellation {unknown}
 f - 2 potions of heal wounds {unknown}
 g - a potion of mutation {unknown}
 j - a potion of attraction {unknown}
 m - a potion of lignification {unknown}
 n - 3 potions of degeneration {unknown}
 q - a potion of brilliance {unknown}
 t - 2 potions of curing {unknown}


   Skills:
 - Level 2.0 Fighting
 + Level 11.1 Ranged Weapons
 - Level 1.7 Dodging
 - Level 0.7 Stealth


You had 8 spell levels left.
You didn't know any spells.
Your spell library contained the following spells:

 Spells                   Type           Power      Damage    Failure   Level
 Magic Dart               Conj           0%         1d3       50%         1
 Summon Small Mammal      Summ           0%         N/A       50%         1
 Searing Ray              Conj           0%         2d4       63%         2
 Call Canine Familiar     Summ           0%         N/A       86%         3
 Fulminant Prism          Conj/Alch      0%         3d5       99%         4
 Summon Blazeheart Golem  Fire/Summ      0%         N/A       99%         4


Dungeon Overview and Level Annotations

Branches:
Dungeon (6/15)
 Temple: D:4-7

Altars:
Ashenzari
Cheibriados
Dithmenos
Gozag
Kikubaaqudgha
Nemelex Xobeh
Trog

Annotations:
D:4 1 runed translucent door, TwadoKnight's ghost, amateur MiFi


Innate Abilities, Weirdness & Mutations

You can wield a second weapon in your off-hand.
It takes a long time for you to wield or remove held weapons.
Your first few attacks do less damage.
You cannot equip rings or amulets.


Message History

Key pressed, stopping explore.
You see here 8 stones.
Key pressed, stopping explore.
A white imp comes into view.
A white imp is nearby!
A white imp is nearby!
A white imp is nearby!
You shoot a sling bullet. The sling bullet hits the white imp!
The white imp shouts, "Tremble, thou villainous kobold-kissing giglet!"
The white imp is almost dead.
You shoot a sling bullet.
The sling bullet barely misses the white imp.
Unknown command.
Unknown command.
You shoot a sling bullet. The sling bullet hits the white imp.
You kill the white imp!
You shoot a sling bullet.
No target in view!
Unknown command.
No target in view!
Unknown command.
Key pressed, stopping explore.
No target in view!
Key pressed, stopping explore.
Key pressed, stopping explore.
Key pressed, stopping explore.
You now have 429 gold pieces (gained 16).
Key pressed, stopping explore.
Key pressed, stopping explore.
You see here 6 stones.
Key pressed, stopping explore.
Key pressed, stopping explore.
Key pressed, stopping explore.
Key pressed, stopping explore.
Key pressed, stopping explore.
You open the door.
There is an open door here.
Key pressed, stopping explore.
Unknown command.
Are you sure you want to abandon this character and quit the game? (Confirm with "yes".)

.#........ #.#.# #.#
.......... #.#.# #.#
.#.####### #.#.# #.#
.......... #.# #.#
.###############.# #.#
.................###.#
.#######...####...##.#
.# #...##........#
.#########....##@##..##
............###^^.###.#
##########..#.^..^..#.#
........##..#ß.ß^ß.ß#.#
#.......###.#...^.^.#.#
#.......# .#ß.ß.ß^ß#.#
#.÷.....# .#.......#.#
##.###### .###...###.#
...# #. .##


There were no monsters in sight!

Vanquished Creatures
  A water moccasin (D:6)
  A sky beast (D:5)
  An ice beast (D:5)
  2 black bears (D:5)
  An ogre (D:4)
  4 phantoms (D:5)
  A kobold brigand (D:4)
  2 scorpions (D:5)
  3 wights (D:6)
  A water moccasin skeleton (D:5)
  A bombardier beetle (D:4)
  2 hounds
  A jelly (D:5)
  2 sleepcaps (D:6)
  4 iguanas
  A hound zombie (D:5)
  A howler monkey zombie (D:5)
  8 gnolls
  6 adders
  A shadow imp (D:5)
  A white imp (D:6)
  4 dart slugs
  11 orcs
  6 ball pythons
  6 endoplasms
  A giant cockroach (D:1)
  6 goblins
  10 hobgoblins
  4 jackals (D:3)
  3 quokkas
  5 bats
  2 frilled lizards
  5 kobolds
  4 rats
112 creatures vanquished.

Notes
Turn   | Place    | Note
-------+----------+-------------------------------------------
     0 | D:1      | Biggs the Coglin Hunter began the quest for the Orb.
     0 | D:1      | Reached XP level 1. HP: 16/16 MP: 1/1
   186 | D:1      | Reached skill level 4 in Ranged Weapons
   186 | D:1      | Reached XP level 2. HP: 22/22 MP: 2/2
   330 | D:1      | Found a faded altar of an unknown god.
   441 | D:1      | Reached XP level 3. HP: 27/27 MP: 3/3
  1240 | D:2      | Reached skill level 5 in Ranged Weapons
  1240 | D:2      | Reached XP level 4. HP: 27/33 MP: 4/4
  1303 | D:2      | Identified the +3 spear "Talisir" {venom, rN+ rCorr}
  2447 | D:4      | Reached XP level 5. HP: 27/38 MP: 5/5
  2701 | D:4      | Found a runed translucent door.
  2705 | D:4      | Noticed an ogre
  2710 | D:4      | Killed an ogre
  2711 | D:4      | Reached skill level 6 in Ranged Weapons
  2711 | D:4      | Reached XP level 6. HP: 44/44 MP: 6/6
  2899 | D:4      | Reached skill level 7 in Ranged Weapons
  2971 | D:4      | Found a bloodstained altar of Trog.
  3128 | D:4      | Noticed TwadoKnight's ghost (amateur MiFi)
  3793 | D:5      | Entered Level 5 of the Dungeon
  3834 | D:5      | Reached XP level 7. HP: 37/50 MP: 7/7
  3959 | D:5      | Reached skill level 8 in Ranged Weapons
  4050 | D:5      | Found a broken altar of Ashenzari.
  4063 | D:5      | Reached XP level 8. HP: 32/56 MP: 8/8
  4187 | D:5      | Reached skill level 9 in Ranged Weapons
  4545 | D:5      | Reached skill level 10 in Ranged Weapons
  4856 | D:6      | Found a sparkling altar of Nemelex Xobeh.
  5056 | D:6      | Reached XP level 9. HP: 21/61 MP: 9/9
  5245 | D:6      | Reached skill level 11 in Ranged Weapons
  5491 | D:6      | Found a shadowy altar of Dithmenos.
  5491 | D:6      | Found an opulent altar of Gozag.
  5492 | D:6      | Found an ancient bone altar of Kikubaaqudgha.
  5495 | D:6      | Found a snail-covered altar of Cheibriados.
  5720 | D:6      | Quit the game

Illustrated notes

Levels and vault maps discovered:
D:1:      dpeg_arrival_round_a, layout_basic,
          hellmonk_ecumenical_altar_crossroads
D:2:      layout_basic, nicolae_kite_square_tiling_tiny, minmay_between
D:3:      layout_loops_ring
D:4:      layout_basic, amcnicky_altar_gilded, gammafunk_ghost_grave
D:5:      layout_basic, mainiacjoe_overflow_catwalk, serial_undead,
          serial_undead_b, serial_undead_c, serial_undead_e, serial_undead_f
D:6:      layout_basic, mainiacjoe_overflow_tiny_flanked, minitemple,
          mainiacjoe_ossuary_entry_dusty_tomb

Skill      XL: |  1  2  3  4  5  6  7  8  9 |
---------------+----------------------------+-----
Ranged Weapons | 4 5 6 7 8 10 11 | 11.1
Fighting       | |  2.0
Dodging        | |  1.7
Stealth        | |  0.7

Action                     |  1- 3 |  4- 6 |  7- 9 || total
---------------------------+-------+-------+-------++-------
   Fire: Sling             |   130 |   246 |   358 ||   734
    Use: Scroll            |       |     6 |       ||     6
 Armour: Leather armour    |     7 |    35 |    59 ||   101
  Dodge: Dodged            |     7 |    28 |    28 ||    63

Table legend: (Time is in decaauts)
 A = Elapsed time spent in this place.
 B = Non-inter-level travel time spent in this place.
 C = Inter-level travel time spent in this place.
 D = Time resting spent in this place.
 E = Time spent auto-exploring this place.
 F = Levels seen in this place.
 G = Mean time per level.
                   A        B        C        D        E       F      G
               +--------+--------+--------+--------+--------+-----+--------+
         Total |   5745 |   5520 |    225 |    147 |   4507 |   6 |  957.5 |
       Dungeon |   5745 |   5520 |    225 |    147 |   4507 |   6 |  957.5 |
               +--------+--------+--------+--------+--------+-----+--------+

Top non-repeatable levels by time:
     D:4: 1465 daAuts
     D:1: 1003 daAuts
     D:6: 973 daAuts
     D:5: 947 daAuts
     D:2: 727 daAuts
     D:3: 627 daAuts
